 Dungeon Crawl Stone Soup version 0.13-a0-2923-g04ac8d1 (webtiles) character file.

591 PolkaDot the Ruinous (level 6, -1/39 HPs)
             Began as a Vampire Wizard on Sept 2, 2013.
             Hit by an orcish club thrown by a big kobold (6 damage)
             ... on Level 4 of the Dungeon.
             The game lasted 00:34:18 (4377 turns).

PolkaDot the Ruinous (Vampire Wizard)               Turns: 4377, Time: 00:34:18

HP  -1/39        AC  7     Str  6      XL: 6   Next: 67%
MP   2/15        EV 10     Int 23      God:
Gold 159         SH  0     Dex 12      Spells:  3 memorised,  4 levels left

Res.Fire  : + . .   See Invis. : +   u - +3,+1 dagger (venom)
Res.Cold  : + . .   Warding    : .   t - +3 leather armour "Shruagg" {+Blink rF+ rN Life Prot.: + + + Conserve : . (no shield)
Res.Poison: +       Res.Corr.  : .   b - +0 wizard hat
Res.Elec. : .       Clarity    : +   k - +0 cloak
Sust.Abil.: + +     Spirit.Shd : .   (no gloves)
Res.Mut.  : .       Stasis     : .   (no boots)
Res.Rott. : +       Flight     : .   s - amulet "Feruets" {Clar Contam +Rage +Fly S Saprovore : . . . n - ring of sustain abilities {unknown} h - ring of sustain abilities {unknown}

@: regenerating slowly, very slightly contaminated, slightly resistant to
hostile enchantments, fairly stealthy
A: bottle blood, fangs 3, see invisible, unbreathing
a: Bat Form, Bottle Blood, Evoke Blink, Evoke Berserk Rage, Evoke Flight


You were on level 4 of the Dungeon.
You were thirsty.

You visited 1 branch of the dungeon, and saw 4 of its levels.

You collected 139 gold pieces.

Inventory:

Hand weapons
 u - a +3,+1 dagger of venom (weapon)
Armour
 b - a +0 wizard hat (worn)
 k - a +0 cloak (worn)
 l - a +0 elven robe
 t - the +3 leather armour "Shruagg" (worn) {+Blink rF+ rN+ Int+1 Acc-5}
   (You found it on level 4 of the Dungeon)

   It affects your intelligence (+1).
   It affects your accuracy (-5).
   It protects you from fire.
   It protects you from negative energy.
   It lets you blink.
Magical devices
 a - a wand of frost (24)
Scrolls
 d - a scroll of enchant weapon I {unknown}
 e - a scroll of random uselessness {unknown}
 f - 6 scrolls of identify {unknown}
 j - 2 scrolls of magic mapping
 o - a scroll of teleportation
 p - a scroll of blinking {unknown}
 q - a scroll of fear
 r - a scroll of curse jewellery {unknown}
Jewellery
 h - a ring of sustain abilities (left hand) {unknown}
 n - a ring of sustain abilities (right hand) {unknown}
 s - the amulet "Feruets" (around neck) {Clar Contam +Rage +Fly SInv, unknown}
   (You found it on level 4 of the Dungeon)

   [amulet of clarity]

   It enhances your eyesight.
   It lets you fly.
   It lets you go berserk.
   It causes magical contamination when unequipped.
Potions
 i - a potion of curing {unknown}
 m - a potion of degeneration {unknown}
 v - a potion of beneficial mutation {unknown}
Books
 c - a book of Minor Magic

   Spells                             Type                      Level
   *Magic Dart                        Conjuration                  1
   Blink                              Translocation                2
   Call Imp                           Summoning                    2
   Repel Missiles                     Charms/Air                   2
   Slow                               Hexes                        2
   *Conjure Flame                     Conjuration/Fire             3
   *Mephitic Cloud                    Conjuration/Poison/Air       3


   Skills:
 + Level 1.5 Armour
 - Level 2.1 Dodging
 - Level 3.0 Stealth
 - Level 3.0 Spellcasting
 * Level 5.0 Conjurations
   Level 1.0 Summonings
   Level 0.7 Translocations


You had 4 spell levels left.
You knew the following spells:

 Your Spells              Type           Power        Failure   Level  Hunger
a - Magic Dart            Conj           ####         1%          1    None
d - Mephitic Cloud        Conj/Pois/Air  ##......     21%         3    ###....
s - Conjure Flame         Conj/Fire      ##......     14%         3    ###....


Dungeon Overview and Level Annotations

Branches:
Dungeon (4/27)
 Temple: D:4-7

Altars:
Ashenzari
Trog

Shops:
D:4 }


Innate Abilities, Weirdness & Mutations

You heal slowly.
You can bottle blood from corpses.
You have razor-sharp teeth.*
You have supernaturally acute eyesight.
You can survive without breathing.*


Message History

The big kobold barely misses the big kobold.
The hobgoblin hits you but does no damage.
The big kobold completely misses you. The gnoll hits you.
* * * LOW HITPOINT WARNING * * *
The big kobold barely misses the gnoll.
The hobgoblin gestures wildly.
The hobgoblin hits itself with an orcish club.
The hobgoblin is killed!
The big kobold hits you but does no damage.
The gnoll hits you.
* * * LOW HITPOINT WARNING * * *
The gnoll barely misses the gnoll.
You can move again.
Drink which item? (? for menu, Esc to quit)
Okay, then.
Use which ability? (? or * to list)
You blink.
You feel slightly more thirsty.
The big kobold seems less confused.
The big kobold throws an orcish club.
The orcish club hits you!
You die...

....## ##......#...
.....###.......#...
.)....#.......g##K#
).....#.%.........#
......'.........g.#
......#......g..Kg#
......#........##ยง##
.....###.......#))K#
)...## ##......#@..#
##### ########...#
#####


You could see 2 big kobolds and a gnoll.

Vanquished Creatures
  2 big kobolds (D:4)
  Sigmund (D:3)
  Crazy Yiuf (D:3)
  A worker ant (D:4)
  Jessica (D:2)
  4 adders
  2 worms (D:3)
  6 giant geckos
  An orc (D:3)
  A ball python (D:4)
  11 bats
  A bat zombie (D:1)
  9 goblins
  8 hobgoblins
  11 jackals
  4 quokkas (D:3)
  6 giant cockroaches
  4 giant newts
  34 kobolds
  A kobold skeleton (D:4)
  A kobold zombie (D:1)
  19 rats
129 creatures vanquished.

Notes
Turn   | Place    | Note
--------------------------------------------------------------
     0 | D:1      | PolkaDot, the Vampire Wizard, began the quest for the Orb.
     0 | D:1      | Reached XP level 1. HP: 11/11 MP: 6/6
   200 | D:1      | Reached skill level 1 in Conjurations
   324 | D:1      | Reached XP level 2. HP: 17/17 MP: 8/8
  1032 | D:2      | Reached XP level 3. HP: 22/22 MP: 3/10
  1040 | D:2      | Learned a level 3 spell: Conjure Flame
  1044 | D:2      | Learned a level 3 spell: Mephitic Cloud
  1101 | D:2      | Noticed Jessica
  1103 | D:2      | Killed Jessica
  1228 | D:2      | Found a bloodstained altar of Trog.
  1376 | D:2      | Reached XP level 4. HP: 28/28 MP: 10/12
  2023 | D:3      | Noticed Crazy Yiuf
  2054 | D:3      | Noticed Sigmund
  2790 | D:3      | Found a shattered altar of Ashenzari.
  2931 | D:3      | Killed Sigmund
  2931 | D:3      | Reached XP level 5. HP: 22/33 MP: 3/13
  2976 | D:3      | Reached skill level 4 in Conjurations
  3034 | D:3      | Killed Crazy Yiuf
  3252 | D:4      | Got a twitching pewter amulet
  3262 | D:4      | Got a dazzling leather armour
  3270 | D:4      | Identified the +3 leather armour "Shruagg" {+Blink rF+ rN+ Int+1 Acc-5} (You found it on level 4 of the Dungeon)
  3274 | D:4      | Found Khoss' Gadget Shoppe.
  3970 | D:4      | Reached XP level 6. HP: 39/39 MP: 12/15
  4253 | D:4      | Reached skill level 1 in Armour
  4362 | D:4      | Reached skill level 5 in Conjurations
  4374 | D:4      | Paralysed by a potion of paralysis for 3 turns
  4377 | D:4      | Hit by an orcish club thrown by a big kobold

Action                   |  1- 3 |  4- 6 || total
-------------------------+-------+-------++-------
Melee: Dagger            |    10 |    42 ||    52
       Short sword       |       |    55 ||    55
 Cast: Magic Dart        |    80 |   122 ||   202
       Mephitic Cloud    |       |    15 ||    15
       Conjure Flame     |       |     5 ||     5
 Abil: Evoke Blink       |       |    64 ||    64
       Evoke Berserk Rag |       |     1 ||     1
  Use: Scroll            |       |     5 ||     5
       Potion            |       |     4 ||     4
 Stab: Confused          |       |     6 ||     6
